 Dungeon Crawl Stone Soup version 0.16-a0-3827-g034e2a6 (console) character file.

5306 MrRokkomies the Basher (level 10, 0/110 HPs)
             Began as an Ogre Warper on Jan 29, 2015.
             Was an Elder of Okawaru.
             Succumbed to Nessos' poison
             ... on level 11 of the Dungeon.
             The game lasted 00:46:33 (9699 turns).

MrRokkomies the Basher (Ogre Warper)                Turns: 9699, Time: 00:46:34

Health: 0/110      AC: 10    Str: 22    XL:     10   Next: 64%
Magic:  17/17      EV: 24    Int: 12    God:    Okawaru [****..]
Gold:   283        SH:  0    Dex: 17    Spells: 5 memorised, 1 level left

rFire  . . .     SeeInvis .     o - +2 dire flail (protect)
rCold  . . .     Clarity  .     b - +0 robe
rNeg   . . .     SustAb   .     (shield restricted)
rPois  +         Gourm    .     s - +2 hat
rElec  .         Spirit   .     (no cloak)
rCorr  .         Warding  .     (gloves unavailable)
rMut   .         Stasis   .     (boots unavailable)
MR     +....                    y - amulet of faith
Stlth  +++.......               E - +4 ring of strength
                                z - ring of poison resistance

@: agile, lethally poisoned, heroism, very slightly contaminated, somewhat
resistant to hostile enchantments, fairly stealthy
A: unfitting armour, tough skin 1
a: Heroism, Renounce Religion


You were on level 11 of the Dungeon.
You worshipped Okawaru.
Okawaru was greatly pleased with you.
You were hungry.

You visited 1 branch of the dungeon, and saw 10 of its levels.

You collected 403 gold pieces.
You spent 120 gold pieces at shops.

Inventory:

Hand weapons
 a - a +1 giant spiked club
 o - a +2 dire flail of protection (weapon)
 C - a +2 whip of venom
Missiles
 e - 5 tomahawks of dispersal
 g - 10 stones (quivered)
 t - 4 tomahawks of returning
 v - 11 poisoned needles
Armour
 b - a +0 robe (worn)
 s - a +2 hat (worn)
Jewellery
 j - an uncursed amulet of warding
 y - an amulet of faith (around neck)
 z - a ring of poison resistance (left hand)
 E - a +4 ring of strength (right hand)
Magical devices
 B - a wand of heal wounds (6)
Scrolls
 d - a scroll of blinking
 w - 2 scrolls of fog
Potions
 i - 3 potions of cure mutation
 k - a potion of resistance
 p - a potion of cancellation
 q - a potion of magic {unknown}
 r - a potion of mutation {unknown}
 A - a potion of might {unknown}
 F - a potion of lignification {unknown}
Books
 c - a book of Spatial Translocations

   Spells                             Type                      Level
   a - Apportation                    Translocation                1
   b - Blink                          Translocation                2
   c - Shroud of Golubria             Charms/Translocation         2
   d - Portal Projectile              Translocation                3
   e - Teleport Other                 Translocation                3
   f - Passage of Golubria            Translocation                4
Comestibles
 f - 4 meat rations
 h - 4 beef jerkies
 l - 7 bread rations
 m - 7 slices of pizza


   Skills:
 - Level 10.0(15.0) Fighting
 * Level 13.1(18.1) Maces & Flails
 - Level 1.1(6.1) Throwing
 - Level 0.7(5.7) Armour
 * Level 8.0(13.0) Dodging
 - Level 2.4 Spellcasting
 - Level 3.0 Translocations


You had one spell level left.
You knew the following spells:

 Your Spells              Type           Power        Failure   Level  Hunger
a - Apportation           Tloc           #.........   10%         1    ##.....
b - Blink                 Tloc           N/A          12%         2    ###....
c - Shroud of Golubria    Chrm/Tloc      #.........   21%         2    ###....
d - Teleport Other        Tloc           #.......     24%         3    ####...
e - Passage of Golubria   Tloc           N/A          78%         4    #####..


Dungeon Overview and Level Annotations

Branches:
Dungeon (11/15)            Temple (0/1) D:7
   Lair: D:8-11         Orc: D:9-12

Altars:
Elyvilon
Okawaru
Xom

Shops:
D:5 !

Annotations:
D:3 Tyryt0's ghost, average HuFi
D:11 Nessos


Innate Abilities, Weirdness & Mutations

You are too large for most types of armour.
You have tough skin (AC +1).


Message History

Nessos pounds the earth with his hooves.
Nessos shoots a poisoned arrow.
The poisoned arrow hits you!
* * * LOW HITPOINT WARNING * * *
The poisoned arrow burns you.
* * * LOW HITPOINT WARNING * * *
You are lethally poisoned!
You see here a poisoned arrow.
Read which item? (? for menu, Esc to quit)
Blink to where?
Press: ? - help, Dir - move target cursor You are very lightly contaminated with residual magic.
As you read the scroll of blinking, it crumbles to dust.
* * * LOW HITPOINT WARNING * * *
You feel sick.
You close the door.
* * * LOW HITPOINT WARNING * * *
You feel very sick.
* * * LOW HITPOINT WARNING * * *
You feel sick.
You die...

##### ######## #...#
#......# #...# #......#
#...####......####
#@..+..'.ยง........
#...####...c...### #.###
#.......# #...#
###..(.(# #...# #####c#
#...# ..# #...####.. ..#
###############.........
...+
#.......................
...#


There were no monsters in sight!

Vanquished Creatures
  The ghost of smajdalf the Prestidigitator, an experienced KoAs of Dithmenos (D:8)
  A manticore (D:11)
  A two-headed ogre (D:11)
  A human (D:9)
  A deep elf mage (D:11)
  A hippogriff (D:7)
  A wyvern (D:7)
  Edmund (D:6)
  A water moccasin (D:9)
  2 ice beasts
  3 orc warriors
  A black bear (D:8)
  3 ogres
  5 centaurs
  A necrophage (D:6)
  4 giant frogs
  2 scorpions
  3 wights (D:8)
  A goliath beetle (D:7)
  5 killer bees (D:8)
  A centaur zombie (D:7)
  3 crimson imps
  2 giant frog zombies (D:5)
  2 hounds
  A centaur skeleton (D:11)
  2 iguanas
  6 orc priests
  10 orc wizards
  2 giant frog skeletons
  6 worker ants
  4 sheep (D:9)
  Ijyb (D:2)
  A hound zombie (D:8)
  A mummy (D:8)
  Robin (D:2)
  8 adders
  3 gnolls (D:3)
  A giant mite (D:7)
  2 shadow imps
  2 worms
  3 adder skeletons
  An adder zombie (D:5)
  4 giant geckos
  29 orcs
  2 ball pythons
  9 bats
  A bat zombie (D:5)
  9 giant cockroaches
  13 hobgoblins
  9 jackals
  14 kobolds
  5 quokkas
  A giant gecko skeleton (D:3)
  4 giant newts
  15 goblins
  A jackal skeleton (D:5)
  7 rats
  2 ballistomycetes (D:7)
227 creatures vanquished.

Vanquished Creatures (others)
  5 sheep (D:4)
  A giant spore (D:7)
6 creatures vanquished.

Grand Total: 233 creatures vanquished

Notes
Turn   | Place    | Note
--------------------------------------------------------------
     0 | D:1      | MrRokkomies, the Ogre Warper, began the quest for the Orb.
     0 | D:1      | Reached XP level 1. HP: 22/22 MP: 3/3
    78 | D:1      | Reached skill level 3 in Maces & Flails
   108 | D:1      | Reached XP level 2. HP: 28/31 MP: 5/5
   112 | D:1      | Learned a level 2 spell: Blink
   115 | D:1      | Learned a level 2 spell: Shroud of Golubria
   684 | D:2      | Reached XP level 3. HP: 28/39 MP: 6/6
   780 | D:2      | Reached skill level 4 in Fighting
  1116 | D:2      | Noticed Robin
  1163 | D:2      | Reached XP level 4. HP: 13/48 MP: 2/8
  1482 | D:2      | Killed Robin
  1655 | D:2      | Noticed Ijyb
  1679 | D:2      | Killed Ijyb
  1796 | D:2      | Reached XP level 5. HP: 53/55 MP: 9/9
  1917 | D:3      | Noticed Tyryt0's ghost (average HuFi)
  2164 | D:3      | Reached skill level 5 in Maces & Flails
  2400 | D:3      | Reached skill level 5 in Fighting
  2504 | D:3      | Reached XP level 6. HP: 28/66 MP: 7/11
  3244 | D:4      | Found a shimmering altar of Xom.
  3455 | D:4      | Reached skill level 6 in Fighting
  3695 | D:4      | Reached XP level 7. HP: 69/76 MP: 9/12
  4046 | D:4      | Learned a level 3 spell: Teleport Other
  4062 | D:5      | Entered Level 5 of the Dungeon
  4183 | D:5      | Found Ideerghya's Distillery.
  4190 | D:5      | Bought a potion of curing for 45 gold pieces
  4190 | D:5      | Bought a potion of heal wounds for 75 gold pieces
  4266 | D:5      | Reached skill level 7 in Fighting
  4895 | D:6      | Reached XP level 8. HP: 64/88 MP: 14/14
  5190 | D:5      | Reached skill level 8 in Fighting
  5271 | D:6      | Noticed Edmund
  5285 | D:6      | Killed Edmund
  5365 | D:6      | Found an iron altar of Okawaru.
  5410 | D:6      | Became a worshipper of Warmaster Okawaru
  6240 | D:6      | Reached skill level 9 in Fighting
  6402 | D:7      | Acquired Okawaru's first power
  6602 | D:7      | Found a staircase to the Ecumenical Temple.
  6627 | D:7      | Reached XP level 9. HP: 58/101 MP: 15/15
  6857 | D:7      | Reached skill level 10 in Fighting
  7167 | D:7      | Reached skill level 10 in Maces & Flails
  7545 | D:7      | Reached skill level 5 in Dodging
  7760 | D:7      | Learned a level 4 spell: Passage of Golubria
  7781 | D:8      | Noticed smajdalf's ghost (experienced KoAs)
  7787 | D:8      | Killed smajdalf's ghost
  7787 | D:8      | Reached skill level 11 in Maces & Flails
  7979 | D:8      | Reached XP level 10. HP: 90/110 MP: 17/17
  8159 | D:8      | Reached skill level 12 in Maces & Flails
  8884 | D:9      | Found a white marble altar of Elyvilon.
  8933 | D:9      | You fall through a shaft for 2 floors!
  8994 | D:11     | Noticed a manticore
  9007 | D:11     | HP: 5/110 [manticore (10)]
  9007 | D:11     | HP: 2/110 [iguana (3)]
  9013 | D:11     | Killed a manticore
  9016 | D:11     | Reached skill level 13 in Maces & Flails
  9026 | D:11     | HP: 5/110 [centaur/arrow of frost (5)]
  9030 | D:11     | HP: 1/110 [centaur skeleton (3)]
  9680 | D:11     | Noticed Nessos
  9697 | D:11     | HP: 5/110 [poisoned by Nessos]
  9699 | D:11     | Succumbed to Nessos' poison

Action                   |  1- 3 |  4- 6 |  7- 9 | 10-12 || total
-------------------------+-------+-------+-------+-------++-------
Melee: Dagger            |   140 |   214 |       |       ||   354
       Mace              |     1 |       |       |       ||     1
       Giant spiked club |       |     6 |   283 |   133 ||   422
       Whip              |       |       |     6 |       ||     6
       Dire flail        |       |       |       |     6 ||     6
Throw: Stone             |     6 |    19 |    17 |     4 ||    46
 Cast: Shroud of Golubri |     4 |    10 |    17 |     6 ||    37
       Blink             |     2 |       |     5 |       ||     7
Invok: Heroism           |       |       |       |     2 ||     2
  Use: Scroll            |     1 |     5 |     7 |     6 ||    19
       Potion            |       |     1 |     3 |     8 ||    12
 Stab: Sleeping          |       |     1 |       |       ||     1
  Eat: Chunk             |       |    10 |    14 |     4 ||    28
       Beef jerky        |       |       |     2 |       ||     2
       Pizza             |       |       |       |     1 ||     1
